 Dungeon Crawl Stone Soup version 0.19-a0-1107-gc676ff4 (webtiles) character file.

150 FrancescoMac the Covert (level 5, -1/49 HPs)
             Began as a Naga Assassin on Aug 9, 2016.
             Slain by Grinder (10 damage)
             ... on level 3 of the Dungeon.
             The game lasted 00:07:28 (2133 turns).

FrancescoMac the Covert (Naga Assassin)             Turns: 2133, Time: 00:07:29

Health: -1/49      AC:  3    Str: 13    XL:     5   Next: 32%
Magic:  5/5        EV:  9    Int: 12    God:
Gold:   145        SH:  0    Dex: 13    Spells: 0 memorised, 4 levels left

rFire  . . .     SeeInvis +     a - +2 dagger
rCold  . . .     Gourm    .     c - +0 robe
rNeg   . . .     Faith    .     (no shield)
rPois  +         Spirit   .     (no helmet)
rElec  .         Dismiss  .     d - +0 cloak
rCorr  .         Reflect  .     (no gloves)
SustAt .         Harm     .     (no barding)
MR     .....                    (no amulet)
Stlth  +++++++...               o - ring of stealth
                                k - ring of stealth

@: very slow
A: see invisible, deformed body, poison resistance, slowness 2, slow metabolism
1, spit poison 2, AC +1
a: Spit Poison


You were on level 3 of the Dungeon.
You were not hungry.

You visited 1 branch of the dungeon, and saw 3 of its levels.

You collected 145 gold pieces.

Inventory:

Hand Weapons
 a - a +2 dagger (weapon)
 b - a +0 blowgun
Missiles
 e - 8 poisoned needles
 f - 2 curare-tipped needles
Armour
 c - a +0 robe (worn)
 d - a +0 cloak (worn)
Jewellery
 k - a ring of stealth (left hand)
 o - a ring of stealth (right hand)
Wands
 u - a wand of random effects (14/48)
Scrolls
 l - a scroll of identify {unknown}
 s - a scroll of enchant weapon {unknown}
Potions
 h - a potion of magic {unknown}
 i - a potion of flight {unknown}
 j - a potion of brilliance {unknown}
 n - a potion of heal wounds {unknown}
 q - a potion of ambrosia {unknown}
 r - a potion of curing {unknown}
Comestibles
 g - 3 bread rations
 m - a meat ration
 p - a beef jerky
 t - 4 chunks of flesh


   Skills:
 + Level 3.2 Fighting
 - Level 2.0 Short Blades
 - Level 1.7 Throwing
 - Level 0.7 Dodging
 * Level 8.9 Stealth


You had 4 spell levels left.
You didn't know any spells.

Dungeon Overview and Level Annotations

Branches:
Dungeon (3/15)

Altars:

Annotations:
D:3 Grinder


Innate Abilities, Weirdness & Mutations

You cannot wear boots.
Your serpentine skin is tough. (AC +1)
You have supernaturally acute eyesight. (SInv)
Armour fits poorly on your strangely shaped body.
Your system is resistant to poisons. (rPois)
You cover ground very slowly.
You have a slow metabolism.
You can spit poison.


Message History

Grinder shouts!
Grinder hits you.
You writhe in agony.
You barely miss Grinder. Grinder hits you.
You writhe in agony.
You hit Grinder but do no damage. Grinder barely misses you.
You closely miss Grinder. Grinder hits you!
You hit Grinder.
Grinder is lightly wounded.
Grinder hits you.
You writhe in agony.
You hit Grinder.
Grinder is lightly wounded.
Grinder hits you.
* * * LOW HITPOINT WARNING * * *
You writhe in agony.
* * * LOW HITPOINT WARNING * * *
You are too injured to fight recklessly!
You are too injured to fight recklessly!
You hit Grinder but do no damage.
Grinder is lightly wounded.
Grinder hits you!
You die... #.############# #..5@........<# ###############

You could see Grinder.

Vanquished Creatures
  Ijyb (D:2)
  Terence (D:2)
  5 adders (D:2)
  2 oozes (D:1)
  An orc (D:2)
  A ball python (D:2)
  9 bats
  4 giant cockroaches (D:1)
  4 hobgoblins
  2 quokkas (D:2)
  3 giant newts
  6 goblins
  6 kobolds
  4 rats (D:1)
49 creatures vanquished.

Notes
Turn   | Place    | Note
-------+----------+-------------------------------------------
     0 | D:1      | FrancescoMac the Naga Assassin began the quest for the Orb.
     0 | D:1      | Reached XP level 1. HP: 19/19 MP: 1/1
    34 | D:1      | Reached skill level 6 in Stealth
   126 | D:1      | Reached XP level 2. HP: 23/26 MP: 2/2
   636 | D:1      | Reached skill level 7 in Stealth
   641 | D:1      | Reached XP level 3. HP: 10/32 MP: 3/3
  1419 | D:2      | Reached XP level 4. HP: 29/40 MP: 4/4
  1513 | D:2      | Reached skill level 8 in Stealth
  1656 | D:2      | Noticed Ijyb
  1687 | D:2      | Killed Ijyb
  1800 | D:2      | Reached XP level 5. HP: 49/49 MP: 5/5
  2014 | D:2      | Noticed Terence
  2021 | D:2      | Killed Terence
  2123 | D:3      | Noticed Grinder
  2133 | D:3      | Slain by Grinder

Vault maps used:
D:1:      scummos_arrival_simple_crosswalls, nrook_loot_triangle, minmay_unequal
D:2:      first_bread, uniq_terence, uniq_iyjb
D:3:      uniq_sigmund, uniq_grinder

Skill      XL: |  1  2  3  4 |
---------------+-------------+-----
Stealth        | 6 7 8 |  8.9
Fighting       | 3 |  3.2
Short Blades   | |  2.0
Throwing       | |  1.7
Dodging        | |  0.7

Action                   |  1- 3 |  4- 6 || total
-------------------------+-------+-------++-------
Melee: Dagger            |   131 |    38 ||   169
  Use: Scroll            |     3 |       ||     3
 Stab: Sleeping          |    11 |     6 ||    17
       Distracted        |     1 |       ||     1
  Eat: Bread ration      |     1 |       ||     1
Armor: Robe              |    53 |     4 ||    57
Dodge: Dodged            |    68 |    13 ||    81
